AoeStats
← Cruizinblind

MegaRandom

509724162Analyzed
4v4 RM · 5d ago on Sep 27, 2026· 48m 36s· 8 players
Game mode
Random Map
Map size
Large (8 player)
Population
200
Speed
Normal
Resources
Standard
Victory
Conquest
Starting age
Dark Age
Ending age
Imperial Age
RankedLock teamsTeams togetherTeam positionsShared explorationLock speedFull tech treeHidden civsTurbo modeCheats
Victory
Defeat
🇫🇷 Magyars · France
919
+15
🇺🇸 Berbers · United States
888
+16
🇫🇷 Huns · France
807
+19
🇫🇷 Bulgarians · France
786
+35
🇬🇧 Ethiopians · United Kingdom
898
-18
🇲🇽 Japanese · Mexico
898
-18
🇵🇪 Vikings · Peru
882
-17
🇨🇳 Britons · China
854
-16
SER
12:50 Feudal Age
13:29 Double-Bit Axe
14:03 Fishing Lines
14:18 Loom
21:54 Town Watch
27:14 Castle Age
26:52 Fletching
27:36 Scale Mail Armor
27:46 Forging
28:13 Stone Mining
28:36 Bow Saw
28:22 Bodkin Arrow
33:06 Town Patrol
35:43 Imperial Age
34:49 Chain Mail Armor
34:44 Forging
35:44 Pikeman
36:57 Plate Mail Armor
36:32 Guard Tower
36:48 Halberdier
38:21 Keep
38:24 Iron Casting
38:13 Bracer
39:27 Chemistry
40:30 Two-Man Saw
41:43 Blast Furnace
40:18 Man-at-Arms
40:44 Gambesons
41:00 Long Swordsman
42:18 Squires
41:44 Two-Handed Swordsman
43:20 Ballistics
43:02 Champion
47:24 Kataparuto
47:11 Yasama
Chocolate Nestle
3:18 Loom
13:15 Feudal Age
19:11 Castle Age
17:18 Double-Bit Axe
17:25 Horse Collar
18:13 Gold Mining
18:16 Stone Mining
18:04 Man-at-Arms
21:41 Bow Saw
22:39 Heavy Plow
28:29 Imperial Age
25:48 Arson
26:38 Squires
26:00 Pikeman
27:49 Gold Shaft Mining
27:47 Forging
28:12 Scale Mail Armor
29:40 Iron Casting
29:42 Conscription
31:16 Town Watch
31:44 Masonry
35:56 Blast Furnace
35:14 Chain Mail Armor
36:27 Town Patrol
38:11 Plate Mail Armor
38:19 Architecture
37:30 Treadmill Crane
39:57 Two-Man Saw
42:36 Ballistics
43:16 Chemistry
Cruizinblind
0:31 Loom
12:01 Feudal Age
12:44 Double-Bit Axe
20:25 Castle Age
20:22 Forging
21:47 Husbandry
23:18 Scale Barding Armor
27:45 Wheelbarrow
27:40 Chain Barding Armor
29:55 Stone Mining
31:42 Scale Mail Armor
32:21 Iron Casting
39:00 Imperial Age
37:58 Scale Mail Armor
38:59 Chain Mail Armor
40:00 Heavy Camel Rider
41:54 Conscription
42:17 Fletching
863111034
12:26 Feudal Age
28:44 Castle Age
33:43 Pikeman
34:24 Squires
-ET-85-
10:35 Feudal Age
9:18 Loom
16:28 Castle Age
26:02 Scale Barding Armor
28:01 Chain Barding Armor
28:27 Wheelbarrow
27:47 Horse Collar
32:19 Imperial Age
32:09 Hand Cart
32:53 Man-at-Arms
34:19 Plate Barding Armor
33:47 Scale Mail Armor
34:03 Long Swordsman
34:54 Two-Handed Swordsman
36:02 Champion
37:10 Chain Mail Armor
37:26 Corvinian Army
37:02 Capped Ram
38:05 Bloodlines
37:56 Husbandry
38:23 Double-Bit Axe
Tanguy
12:29 Feudal Age
16:30 Horse Collar
16:45 Double-Bit Axe
18:21 Gold Mining
18:26 Stone Mining
20:39 Scale Barding Armor
20:46 Forging
24:34 Castle Age
23:36 Bloodlines
24:12 Scale Mail Armor
25:16 Husbandry
25:40 Heavy Plow
26:03 Bow Saw
27:08 Wheelbarrow
27:19 Squires
26:40 Pikeman
32:35 Hand Cart
34:37 Chain Barding Armor
45:14 Imperial Age
43:25 Iron Casting
43:06 Chain Mail Armor
44:20 Ballistics
48:12 Chemistry
48:00 Halberdier
laduve71
10:30 Feudal Age
11:08 Double-Bit Axe
20:07 Castle Age
19:57 Bloodlines
21:33 Wheelbarrow
21:10 Bow Saw
21:25 Husbandry
25:35 Hand Cart
25:51 Gold Mining
31:20 Horse Collar
32:20 Gold Shaft Mining
31:53 Fletching
35:42 Imperial Age
33:40 Heavy Plow
35:14 Ballistics
34:51 Bodkin Arrow
35:50 Heavy Cavalry Archer
41:24 Bracer
41:25 Padded Archer Armor
42:28 Chemistry
43:08 Scale Barding Armor
43:03 Scale Mail Armor
44:07 Light Cavalry
44:51 Stone Mining
46:07 Hussar
47:17 Elite Genitour
Omz
11:41 Feudal Age
12:16 Double-Bit Axe
17:22 Horse Collar
21:40 Scale Barding Armor
21:49 Forging
24:02 Bloodlines
26:32 Castle Age
28:18 Heavy Plow
28:31 Husbandry
30:33 Gambesons
30:49 Squires
32:28 Scale Mail Armor
32:02 Pikeman
34:57 Chain Barding Armor
34:53 Chain Mail Armor
40:03 Bow Saw
45:25 Imperial Age
45:30 Stirrups
47:15 Onager
Connection lost

Rejoining the realm…

Still unreachable

The connection could not be restored.

Session expired

The server has moved on; the page needs a fresh start.